 Dungeon Crawl Stone Soup version 0.18.1-8-gdd0e5ea (webtiles) character file.

2916 Krapule the Nimble (level 9, -1/65 HPs)
             Began as a Merfolk Ice Elementalist on June 4, 2016.
             Slain by Thrillho's ghost (15 damage)
             ... on level 7 of the Dungeon.
             The game lasted 00:45:02 (9921 turns).

Krapule the Nimble (Merfolk Ice Elementalist)       Turns: 9921, Time: 00:45:02

Health: -1/65      AC:  5    Str:  8    XL:     9   Next: 78%
Magic:  25/25      EV: 18    Int: 15    God:
Gold:   325        SH:  0    Dex: 17    Spells: 3 memorised, 11 levels left

rFire  . . .     SeeInvis .     F - +0 glaive
rCold  . . .     Gourm    .     a - +0 robe
rNeg   . . .     Faith    .     (shield currently unavailable)
rPois  +         Spirit   .     (no helmet)
rElec  .         Dismiss  .     (no cloak)
rCorr  .         Reflect  .     y - +0 pair of gloves
SustAt .         Harm     .     r - +1 pair of boots
MR     .....                    (no amulet)
Stlth  ++........               q - ring of poison resistance
                                h - ring of magical power

@: not resistant to hostile enchantments, unstealthy
A: change form in water, swift swim
a: no special abilities


You were on level 7 of the Dungeon.
You were hungry.

You visited 1 branch of the dungeon, and saw 8 of its levels.

You collected 325 gold pieces.

Inventory:

Hand Weapons
 v - a +0 trident
 F - a +0 glaive (weapon)
Armour
 a - a +0 robe (worn)
 r - a +1 pair of boots (worn)
 y - a +0 pair of gloves (worn)
Jewellery
 d - a +5 amulet of reflection {unknown}
 g - an uncursed ring of protection from cold
 h - a ring of magical power (left hand)
 l - an uncursed ring of flight
 q - a ring of poison resistance (right hand)
Wands
 m - a wand of acid (10/15)
 C - a wand of acid (7/15)
 D - a wand of acid (7/15)
Scrolls
 e - 2 scrolls of amnesia
 k - 5 scrolls of identify
 t - 3 scrolls of blinking
 B - 2 scrolls of remove curse {unknown}
Potions
 i - a potion of ambrosia {unknown}
 j - a potion of haste
 o - a potion of resistance {unknown}
 p - a potion of heal wounds {unknown}
 s - 2 potions of flight {unknown}
 u - a potion of magic {unknown}
 x - a potion of lignification {unknown}
 z - a potion of berserk rage {unknown}
 A - a potion of cure mutation {unknown}
 E - a potion of agility {unknown}
Books
 b - a book of Frost

   Spells                             Type                      Level
   a - Freeze                         Ice                          1
   b - Throw Frost                    Conjuration/Ice              2
   c - Ozocubu's Armour               Charms/Ice                   3
   d - Throw Icicle                   Conjuration/Ice              4
   e - Summon Ice Beast               Ice/Summoning                4
Comestibles
 c - 6 bread rations
 f - a meat ration
 w - 6 beef jerkies


   Skills:
 + Level 3.7 Fighting
 + Level 7.5 Polearms
 * Level 8.4 Dodging
 - Level 3.0 Stealth
 + Level 4.9 Spellcasting
 - Level 3.0 Conjurations
 + Level 1.4 Charms
 * Level 8.4 Ice Magic


You had 11 spell levels left.
You knew the following spells:

 Your Spells              Type           Power        Failure   Level  Hunger
a - Freeze                Ice            ####         1%          1    None
b - Ozocubu's Armour      Chrm/Ice       ###.....     10%         3    ###....
z - Throw Frost           Conj/Ice       ###...       1%          2    ##.....


Dungeon Overview and Level Annotations

Branches:
Dungeon (8/15)
 Temple: D:4-7         Lair: D:8-11

Altars:
Cheibriados
Pakellas
Sif Muna
Zin

Shops:
D:5 }   D:7 *

Annotations:
D:6 Thrillho's ghost, novice CeHu
D:7 Menkaure; Thrillho's ghost, novice CeHu


Message History

* * * LOW HITPOINT WARNING * * *
You feel sick.
* * * LOW HITPOINT WARNING * * *
You feel sick. Thrillho's ghost misses you.
Drink which item? (? for menu, Esc to quit)
You feel better. Thrillho's ghost hits you!
* * * LOW HITPOINT WARNING * * *
The quokka barely misses you.
Found 11 gold pieces.
Thrillho's ghost wails, "Do you think the gods will protect you?"
Thrillho's ghost closely misses you. Thrillho's ghost hits you!
* * * LOW HITPOINT WARNING * * *
You are lethally poisoned!
Found a stone staircase leading down.
* * * LOW HITPOINT WARNING * * *
You feel sick.
Drink which item? (? for menu, Esc to quit)
You feel better. Thrillho's ghost hits you!
You die...

##.# ...# #. #..n#
##### ## #...# ## #.
#...# ##≈# ##
#####...##### .#≈ #
#...........###.#
#............r..#
#...........##W#######.
####.%.######.@.>.....
#...# ###....... #...#
..$#... #...# ..... .
####.## ....... #....?#
#.##.## . #.##.## ..
... .#.#.##..# #.##...
........## .......


You could see Thrillho's ghost and a quokka.

Vanquished Creatures
  3 water moccasins
  An ice beast (D:8)
  A black bear (D:8)
  A sky beast (D:5)
  3 phantoms
  An orc warrior (D:6)
  3 ogres
  A necrophage (D:8)
  2 centaurs
  2 giant frogs
  A water moccasin skeleton (D:7)
  A scorpion (D:8)
  4 wights (D:8)
  2 howler monkeys
  3 crimson imps
  4 orc priests
  3 hounds
  A giant frog skeleton (D:4)
  2 centaur skeletons (D:4)
  5 orc wizards
  An iguana (D:4)
  9 worker ants
  A hound zombie (D:6)
  A worker ant zombie (D:7)
  9 adders
  A howler monkey skeleton (D:7)
  An ooze (D:3)
  An adder zombie (D:8)
  A worm (D:4)
  5 dart slugs
  7 giant geckos
  19 orcs
  11 bats
  4 giant cockroaches
  10 goblins
  8 hobgoblins
  8 jackals
  A quokka (D:8)
  5 ball pythons
  A giant gecko skeleton (D:5)
  4 giant newts
  8 kobolds
  A quokka zombie (D:6)
  4 rats
165 creatures vanquished.

Notes
Turn   | Place    | Note
--------------------------------------------------------------
     0 | D:1      | Krapule the Merfolk Ice Elementalist began the quest for the Orb.
     0 | D:1      | Reached XP level 1. HP: 13/13 MP: 3/3
   321 | D:1      | Reached XP level 2. HP: 19/19 MP: 5/5
  1234 | D:2      | Reached skill level 1 in Polearms
  1347 | D:2      | Found an oddly glowing altar of Pakellas.
  1387 | D:2      | Reached XP level 3. HP: 24/24 MP: 6/6
  1851 | D:2      | Reached XP level 4. HP: 21/31 MP: 7/7
  2779 | D:3      | Reached skill level 1 in Fighting
  2845 | D:3      | Learned a level 2 spell: Throw Frost
  3312 | D:3      | Reached XP level 5. HP: 37/37 MP: 9/9
  3593 | D:4      | Reached XP level 6. HP: 37/43 MP: 10/10
  4262 | D:4      | Found a snail-covered altar of Cheibriados.
  4297 | D:4      | Reached skill level 5 in Ice Magic
  4370 | D:4      | Reached XP level 7. HP: 19/48 MP: 12/12
  4715 | D:4      | Found a deep blue altar of Sif Muna.
  4828 | D:4      | Reached skill level 5 in Dodging
  4828 | D:4      | Reached skill level 1 in Conjurations
  5052 | D:5      | Entered Level 5 of the Dungeon
  5162 | D:5      | Found a snail-covered altar of Cheibriados.
  5321 | D:5      | Reached skill level 5 in Polearms
  5326 | D:5      | Found Fopre's Gadget Boutique.
  5696 | D:5      | Reached XP level 8. HP: 52/54 MP: 14/14
  6171 | D:6      | Noticed Thrillho's ghost (novice CeHu)
  6195 | D:6      | Learned a level 3 spell: Ozocubu's Armour
  7554 | D:7      | Noticed Menkaure
  7837 | D:8      | Reached XP level 9. HP: 48/62 MP: 15/15
  8215 | D:8      | Found a glowing silver altar of Zin.
  9130 | D:7      | Found Aserr's General Store.
  9566 | D:6      | Reached skill level 1 in Charms
  9885 | D:7      | Noticed Thrillho's ghost (novice CeHu)
  9919 | D:7      | HP: 3/65 [Thrillho's ghost (11)]
  9921 | D:7      | Slain by Thrillho's ghost

Skill      XL: |  1  2  3  4  5  6  7  8  9 |
---------------+----------------------------+-----
Dodging        | 3 4 5 7 8 |  8.4
Polearms       | 1 2 4 5 6 7 |  7.5
Fighting       | 1 2 3 |  3.7
Stealth        | 3 |  3.0
Ice Magic      | 4 5 6 7 8 |  8.4
Spellcasting   | 3 4 |  4.9
Conjurations   | 1 3 |  3.0
Charms         | 1 |  1.4

Action                   |  1- 3 |  4- 6 |  7- 9 || total
-------------------------+-------+-------+-------++-------
Melee: Spear             |   101 |   296 |   148 ||   545
       Hand axe          |     5 |       |       ||     5
       Unarmed           |     4 |       |       ||     4
       Trident           |       |       |   380 ||   380
       Glaive            |       |       |    42 ||    42
 Cast: Freeze            |    12 |    22 |    31 ||    65
       Throw Frost       |       |     4 |    18 ||    22
       Ozocubu's Armour  |       |       |     6 ||     6
Evoke: Wand              |       |       |     1 ||     1
  Use: Scroll            |       |     5 |     8 ||    13
       Potion            |       |       |     2 ||     2
 Stab: Sleeping          |     6 |     8 |     5 ||    19
       Distracted        |       |     2 |     1 ||     3
  Eat: Chunk             |     3 |     9 |    16 ||    28
       Beef jerky        |       |       |     1 ||     1
       Pizza             |       |       |     1 ||     1
Armor: Robe              |    24 |    55 |    98 ||   177
Dodge: Dodged            |    64 |   164 |   458 ||   686
